 Dungeon Sprint DCSS version 0.30.1-11-g7821555f0a (webtiles) character file.

Game seed: 10802306380434602973

42405 Groucho the Imperceptible (level 13, -35/76 HPs)
             Began as a Spriggan Fighter on Jan 4, 2024.
             Was a Follower of Uskayaw.
             Killed from afar by an ice dragon (58 damage)
             ... with a blast of cold
             ... in the Dungeon (Sprint IX: "|||||||||||||||||||||||||||||").
             The game lasted 00:19:27 (6416 turns).

Groucho the Imperceptible (Spriggan Fighter)        Turns: 6416, Time: 00:19:28

Health: -35/76     AC: 12    Str: 12    XL:     13   Next: 85%
Magic:  16/24      EV: 32    Int: 10    God:    Uskayaw [*.....]
Gold:   207        SH:  8    Dex: 19    Spells: 12/12 levels left

rFire   + . .        m - +2 rapier (venom)
rCold   . . .        c - +0 buckler
rNeg    . . .        N - +3 troll leather armour {Snorg}
rPois   .            (helmet restricted)
rElec   .            x - +0 cloak {Will+}
rCorr   .            (gloves unavailable)
SInv    +            (boots unavailable)
Will    +++..        (no amulet)
Stlth   ++++++++     n - +2 ring of protection
HPRegen 1.12/turn    H - ring of protection from fire
MPRegen 0.19/turn

%: no teleportation
@: very quick
A: very small, no large weapons, unfitting armour, see invisible, speed 3
a: Renounce Religion, Stomp


You were in the Dungeon.
You worshipped Uskayaw.
Uskayaw was pleased with you.
You visited 1 branch You collected 1942 gold pieces.
You spent 1735 gold pieces at shops.

Inventory:

Hand Weapons
 a - a +0 rapier
 k - a +3 short sword of freezing
 m - a +2 rapier of venom (weapon)
 y - a +2 dagger of speed
Missiles
 u - 6 boomerangs (quivered)
 w - 3 curare-tipped darts
Armour
 c - a +0 buckler (worn)
 x - a +0 cloak of willpower (worn)
 L - a +1 cloak
 N - a +3 troll leather armour (worn) {Snorg}
Jewellery
 n - a +2 ring of protection (left hand)
 o - a +2 ring of protection
 v - a +6 ring of strength
 H - a ring of protection from fire (right hand)
 I - a ring of protection from fire
 J - a ring of flight
 K - a ring of willpower
Wands
 b - a wand of polymorph (10)
 l - a wand of quicksilver (10)
 M - a wand of mindburst (12)
Scrolls
 i - 2 scrolls of amnesia
 j - 2 scrolls of blinking
 r - 3 scrolls of identify
 s - 4 scrolls of fear
 t - 4 scrolls of enchant armour
 z - 2 scrolls of fog
 C - a scroll of poison
 D - 3 scrolls of vulnerability
 E - a scroll of enchant weapon
 F - a scroll of silence {unknown}
Potions
 e - 3 potions of curing
 f - 2 potions of heal wounds
 g - a potion of brilliance
 h - 4 potions of magic
 p - 4 potions of might
 q - 2 potions of berserk rage
 A - 2 potions of mutation
 B - a potion of attraction
Miscellaneous
 G - a box of beasts


   Skills:
 + Level 12.7 Fighting
 - Level 14.0 Short Blades
 + Level 9.6 Throwing
 + Level 10.3 Armour
 + Level 19.1 Dodging
 + Level 21.8 Stealth
 + Level 11.7 Shields
 + Level 14.6 Invocations
 + Level 11.4 Evocations


You had 12 spell levels left.
You didn't know any spells.
Your spell library was empty.

Dungeon Overview and Level Annotations

Branches:
Dungeon (1/1)

Altars:
Cheibriados
Dithmenos
Elyvilon
Fedhas
Gozag
Hepliaklqana
Kikubaaqudgha
Makhleb
Nemelex Xobeh
Okawaru
Qazlal
Ru
Sif Muna
Trog
Uskayaw
Vehumet
Wu Jian
Xom
Yredelemnul
Zin
The Shining One
Jiyva
Lugonu

Shops:
D ***:


Innate Abilities, Weirdness & Mutations

You are very small and have problems with some larger weapons.
You are too small for most types of armour.
You have supernaturally acute eyesight. (SInv)
You cover ground extremely quickly. (Speed+++)


Message History

The ice dragon is moderately wounded.
You puncture the ice dragon!
The ice dragon is moderately wounded.
The ice dragon breathes frost at you. The blast of cold hits you!!
* * * LOW HITPOINT WARNING * * *
You feel much better. You block the ice dragon's attack.
The ice dragon barely misses you. You block the ice dragon's attack.
Unknown command.
Unknown command.
You closely miss the ice dragon.
The ice dragon is moderately wounded.
You hit the ice dragon but do no damage.
The ice dragon is moderately wounded.
You block the ice dragon's attack. The ice dragon misses you. x2
You hit the ice dragon.
The ice dragon is moderately wounded.
You puncture the ice dragon!
The ice dragon is heavily wounded.
The ice dragon bites you! The ice dragon closely misses you.
You block the ice dragon's attack.
You are too injured to fight recklessly!
You barely miss the ice dragon.
The ice dragon is heavily wounded.
Unknown command.
Unknown command.
You feel much better. You block the ice dragon's attack.
The ice dragon misses you. The ice dragon barely misses you.
You hit the ice dragon but do no damage.
The ice dragon looks even sicker.
The ice dragon is heavily wounded.
The ice dragon breathes frost at you. The blast of cold hits you!!!
Ouch! That really hurt!
* * * LOW HITPOINT WARNING * * *
You feel much better. The ice dragon breathes frost at you.
The blast of cold hits you!!!
Ouch! That really hurt!
You die...

▓▓▓▓▓▓▓▓▓▓▓▓▓▓▓▓▓▓▓▓
▓.D@.[...........G'.
▓.▓▓▓▓▓▓▓▓▓▓▓▓▓▓▓▓▓▓
▓...........)......)
▓▓▓▓▓▓▓▓▓▓▓▓▓▓▓▓▓▓▓▓
▓..........)....'...
▓.▓▓▓▓▓▓▓▓▓▓▓▓▓▓▓▓▓▓
▓...................
▓▓▓▓▓▓▓▓▓▓▓▓▓▓▓▓▓▓▓▓
▓.........'.....))))


You could see an ice dragon (very poisoned, catching breath).

Vanquished Creatures
  Kirke (D)
  A fire giant (D)
  2 very ugly things (D)
  An eleionoma (D)
  A bunyip (D)
  Snorg (D)
  An ettin (D)
  2 fire dragons (D)
  2 rakshasas (D)
  2 hydras (D)
  2 ice dragons (D)
  A ghost crab (D)
  A jorogumo (D)
  A death knight (D)
  An ogre mage (D)
  A boulder beetle (D)
  4 centaur warriors (D)
  A deep troll shaman (D)
  9 death yaks (D)
  2 shock serpents (D)
  Sonja (D)
  A pharaoh ant (D)
  A spriggan druid (D)
  A sea snake (D)
  A glowing orange brain (D)
  A naga ritualist (D)
  A harpy (D)
  A lindwurm (D)
  A mana viper (D)
  2 orc knights (D)
  3 orc sorcerers (D)
  A manticore (D)
  2 moths of wrath (D)
  An elephant (D)
  Maurice (D)
  3 black mambas (D)
  2 naga magi (D)
  2 water nymphs (D)
  2 cane toads (D)
  A gargoyle (D)
  A kobold demonologist (D)
  4 komodo dragons (D)
  A yaktaur (D)
  2 wind drakes (D)
  2 merfolk (D)
  A troll (D)
  A meliai (D)
  A bloated husk (D)
  A raiju (shapeshifter) (D)
  A blink frog (D)
  2 jumping spiders (D)
  6 hogs (D)
  A water elemental (D)
  2 basilisks (D)
  A wyvern (D)
  Grum (D)
  A redback (D)
  5 water moccasins (D)
  10 orc warriors (D)
  A black bear (D)
  3 wolves (D)
  A centaur (D)
  A kobold brigand (D)
  2 bullfrogs (D)
  A scorpion (D)
  2 killer bees (D)
  2 hounds (D)
  4 orc priests (D)
  14 orc wizards (D)
  An adder (D)
  6 orcs (D)
  A hobgoblin (D)
  A ball python (D)
  A frilled lizard (D)
  A kobold (D)
  A rat (D)
153 creatures vanquished.

Vanquished Creatures (others)
  A radroach (D)
  A spriggan (D)
  A spriggan druid (D)
  A hornet (D)
4 creatures vanquished.

Grand Total: 157 creatures vanquished

Notes
Turn   | Place    | Note
-------+----------+-------------------------------------------
     0 | D        | Groucho the Spriggan Fighter began the quest for the Orb.
     0 | D        | Reached XP level 1. HP: 11/11 MP: 2/2
    14 | D        | Reached skill level 1 in Stealth
    21 | D        | Reached skill level 1 in Invocations
   323 | D        | Noticed a scorpion
   323 | D        | Noticed a black bear
   323 | D        | Noticed a hound
   323 | D        | Noticed a hound
   329 | D        | Reached skill level 2 in Stealth
   329 | D        | Reached XP level 2. HP: 16/16 MP: 2/4
   330 | D        | Killed a scorpion
   331 | D        | Reached skill level 5 in Dodging
   331 | D        | Reached skill level 4 in Stealth
   331 | D        | Reached XP level 3. HP: 20/20 MP: 2/6
   331 | D        | Reached XP level 4. HP: 24/24 MP: 2/7
   333 | D        | Killed a black bear
   334 | D        | Reached skill level 5 in Short Blades
   334 | D        | Reached skill level 6 in Stealth
   334 | D        | Reached XP level 5. HP: 30/30 MP: 2/9
   342 | D        | Reached skill level 7 in Stealth
   495 | D        | Found a snail-covered altar of Cheibriados.
   495 | D        | Found a shadowy altar of Dithmenos.
   495 | D        | Found a white marble altar of Elyvilon.
   495 | D        | Found a blossoming altar of Fedhas.
   495 | D        | Found an opulent altar of Gozag.
   496 | D        | Found a hazy altar of Hepliaklqana.
   497 | D        | Found a viscous altar of Jiyva.
   498 | D        | Found an ancient bone altar of Kikubaaqudgha.
   499 | D        | Found a corrupted altar of Lugonu.
   500 | D        | Found a burning altar of Makhleb.
   501 | D        | Found a sparkling altar of Nemelex Xobeh.
   502 | D        | Found an iron altar of Okawaru.
   503 | D        | Found a stormy altar of Qazlal.
   504 | D        | Found a sacrificial altar of Ru.
   505 | D        | Found a shimmering blue altar of Sif Muna.
   506 | D        | Found a bloodstained altar of Trog.
   507 | D        | Found a hide-covered altar of Uskayaw.
   508 | D        | Found a radiant altar of Vehumet.
   509 | D        | Found an ornate altar of the Wu Jian Council.
   510 | D        | Found a shimmering altar of Xom.
   511 | D        | Found a basalt altar of Yredelemnul.
   512 | D        | Found a glowing silver altar of Zin.
   513 | D        | Found a glowing golden altar of the Shining One.
   515 | D        | Became a worshipper of Uskayaw the Reveller
   543 | D        | Noticed a centaur
   543 | D        | Noticed an orc warrior
   543 | D        | Noticed a troll
   549 | D        | Killed a centaur
   549 | D        | Reached * piety under Uskayaw
   550 | D        | Reached skill level 5 in Fighting
   550 | D        | Reached skill level 8 in Stealth
   550 | D        | Reached skill level 5 in Invocations
   550 | D        | Reached XP level 6. HP: 35/35 MP: 10/10
   551 | D        | Reached ** piety under Uskayaw
   554 | D        | Reached *** piety under Uskayaw
   555 | D        | Killed an orc warrior
   556 | D        | Reached skill level 9 in Stealth
   556 | D        | Reached skill level 5 in Shields
   558 | D        | Reached **** piety under Uskayaw
   561 | D        | Reached ***** piety under Uskayaw
   562 | D        | Reached XP level 7. HP: 39/39 MP: 10/12
   563 | D        | Killed a troll
   564 | D        | Reached skill level 10 in Stealth
   566 | D        | Noticed a centaur warrior
   566 | D        | Noticed a kobold demonologist
   566 | D        | Noticed a basilisk
   566 | D        | Noticed a raiju
   566 | D        | Noticed a gargoyle
   566 | D        | Noticed a basilisk
   571 | D        | Killed a centaur warrior
   571 | D        | Reached ****** piety under Uskayaw
   572 | D        | Reached skill level 10 in Dodging
   572 | D        | Reached skill level 11 in Stealth
   572 | D        | Reached XP level 8. HP: 45/45 MP: 10/14
   581 | D        | Killed a kobold demonologist
   582 | D        | Reached skill level 12 in Stealth
   593 | D        | Killed a gargoyle
   594 | D        | Reached XP level 9. HP: 50/50 MP: 12/16
  1056 | D        | Noticed a komodo dragon
  1056 | D        | Noticed a komodo dragon
  1056 | D        | Noticed a cane toad
  1072 | D        | Reached skill level 13 in Stealth
  1072 | D        | Noticed a komodo dragon
  1072 | D        | Noticed a cane toad
  1075 | D        | Killed a komodo dragon
  1076 | D        | Reached skill level 10 in Short Blades
  1079 | D        | Killed a komodo dragon
  1085 | D        | Killed a cane toad
  1090 | D        | Killed a cane toad
  1091 | D        | Reached skill level 14 in Stealth
  1111 | D        | Killed a komodo dragon
  1112 | D        | Reached XP level 10. HP: 57/57 MP: 7/18
  1576 | D        | Noticed a death yak
  1576 | D        | Noticed an elephant
  1576 | D        | Noticed a lindwurm
  1594 | D        | Killed an elephant
  1595 | D        | Reached skill level 5 in Armour
  1597 | D        | Killed a death yak
  1598 | D        | Killed a lindwurm
  1599 | D        | Reached skill level 15 in Stealth
  1603 | D        | Reached skill level 10 in Invocations
  1892 | D        | Noticed a death yak
  1892 | D        | Noticed a death yak
  1892 | D        | Noticed a death yak
  1892 | D        | Noticed a death yak
  1892 | D        | Noticed a death yak
  1892 | D        | Noticed a death yak
  1901 | D        | Noticed a death yak
  1901 | D        | Noticed a death yak
  1908 | D        | Killed a death yak
  1923 | D        | Killed a death yak
  1928 | D        | Killed a death yak
  1928 | D        | Killed a death yak
  1929 | D        | Reached skill level 16 in Stealth
  1929 | D        | Reached XP level 11. HP: 49/62 MP: 8/20
  1931 | D        | Killed a death yak
  1932 | D        | Killed a death yak
  1936 | D        | Killed a death yak
  1938 | D        | Killed a death yak
  1939 | D        | Reached skill level 15 in Dodging
  2269 | D        | Noticed Maurice
  2288 | D        | Killed Maurice
  2289 | D        | Reached skill level 10 in Fighting
  2289 | D        | Reached skill level 17 in Stealth
  2314 | D        | Noticed Sonja
  2321 | D        | Killed Sonja
  2395 | D        | Reached skill level 1 in Throwing
  2434 | D        | Noticed an orc sorcerer
  2434 | D        | Noticed an orc knight
  2519 | D        | Killed an orc sorcerer
  2524 | D        | Killed an orc knight
  2605 | D        | Noticed an orc knight
  2614 | D        | Killed an orc knight
  2723 | D        | Found Naokh's Assorted Antiques.
  2729 | D        | Noticed an orc sorcerer
  2730 | D        | Found Zeiterri's General Store.
  2731 | D        | Found Uroulies's General Store.
  2731 | D        | Noticed an orc sorcerer
  2738 | D        | Found Wiligg's Book Shoppe.
  2739 | D        | Killed an orc sorcerer
  2748 | D        | Killed an orc sorcerer
  2749 | D        | Reached skill level 18 in Stealth
  2807 | D        | Bought 2 scrolls of fog for 80 gold pieces
  2807 | D        | Bought a potion of mutation for 80 gold pieces
  2807 | D        | Bought a potion of attraction for 30 gold pieces
  2809 | D        | Bought a potion of heal wounds for 50 gold pieces
  2809 | D        | Bought a scroll of poison for 40 gold pieces
  2809 | D        | Bought 2 scrolls of vulnerability for 80 gold pieces
  2809 | D        | Bought a scroll of enchant weapon for 75 gold pieces
  2811 | D        | Bought a scroll of vulnerability for 100 gold pieces
  2811 | D        | Bought a potion of heal wounds for 125 gold pieces
  2811 | D        | Bought a scroll of identify for 50 gold pieces
  2811 | D        | Bought a scroll labelled GEOLASHR FOICISTOO for 25 gold
                  | pieces
  2811 | D        | Bought a box of beasts for 1000 gold pieces
  2988 | D        | Noticed a centaur warrior
  2988 | D        | Noticed a centaur warrior
  2988 | D        | Noticed an ogre mage
  2988 | D        | Noticed a boulder beetle
  2989 | D        | Noticed a death knight
  2996 | D        | Killed a centaur warrior
  2997 | D        | Reached skill level 1 in Evocations
  2997 | D        | Reached XP level 12. HP: 56/68 MP: 20/22
  2997 | D        | Killed a boulder beetle
  2998 | D        | Noticed a centaur warrior
  2999 | D        | Killed an ogre mage
  2999 | D        | Killed a centaur warrior
  2999 | D        | Noticed an ice dragon
  3000 | D        | Noticed an ettin
  3002 | D        | Noticed a cyan very ugly thing
  3003 | D        | Noticed a fire dragon
  3003 | D        | Noticed a deep troll shaman
  3003 | D        | Noticed a brown very ugly thing
  3005 | D        | Noticed a rakshasa
  3009 | D        | Killed a centaur warrior
  3010 | D        | Reached skill level 10 in Shields
  3011 | D        | Killed a death knight
  3013 | D        | Killed an ice dragon
  3014 | D        | Reached skill level 5 in Throwing
  3018 | D        | Killed a deep troll shaman
  3019 | D        | Reached skill level 5 in Evocations
  3020 | D        | Killed an ettin
  3021 | D        | Reached skill level 19 in Stealth
  3021 | D        | Killed a cyan very ugly thing
  3145 | D        | Killed a brown very ugly thing
  3154 | D        | Killed a fire dragon
  3450 | D        | Killed a rakshasa
  3774 | D        | Noticed Kirke
  3840 | D        | Killed Kirke
  4162 | D        | Reached skill level 20 in Stealth
  4162 | D        | Reached XP level 13. HP: 34/74 MP: 23/23
  4178 | D        | Noticed an eleionoma
  4180 | D        | Noticed a bunyip
  4411 | D        | Killed an eleionoma
  4707 | D        | Killed a bunyip
  4990 | D        | Reached skill level 21 in Stealth
  4990 | D        | Reached skill level 10 in Evocations
  5465 | D        | Reached skill level 10 in Armour
  5767 | D        | Noticed Snorg
  5788 | D        | Killed Snorg
  6151 | D        | Noticed Grum
  6168 | D        | Killed Grum
  6208 | D        | Noticed a fire giant
  6208 | D        | Noticed a fire dragon
  6209 | D        | Noticed a stone giant
  6331 | D        | Killed a fire giant
  6386 | D        | Killed a fire dragon
  6415 | D        | HP: 1/76 [ice dragon/blast of cold (53)]
  6416 | D        | Killed from afar by an ice dragon

Illustrated notes

Levels and vault maps discovered:
D:        linesprint [early_d, line_temple, items_1, d_10, items_2, lair_1,
          lair_end, items_3, orc_1, orc_end, items_4, d_15, swamp_1, shoals_1,
          snake_1, spider_1, d_20, vaults_1, items_5, swamp_end, shoals_end,
          snake_end, spider_end, vaults_end, d_27, items_6, zot_1, zot_end,
          crypt_end, forest_end, elf_end, slime_end, tomb_end, abyss_end,
          pan_hell_end]

Skill      XL: |  1  2  3  4  5  6  7  8  9 10 11 12 13 |
---------------+----------------------------------------+-----
Stealth        | 2 4 6 8 9 11 12 14 16 18 20 21 | 21.8
Invocations    | 1 2 4 5 6 7 8 9 10 12 13 14 | 14.6
Fighting       | 3 4 5 6 7 8 9 10 11 12 | 12.7
Short Blades   | 4 5 6 7 8 9 10 12 13 14 | 14.0
Dodging        | 5 6 7 9 10 11 12 14 15 17 19 | 19.1
Shields        | 3 4 5 6 7 8 9 10 11 | 11.7
Armour         | 2 3 4 6 7 9 10 | 10.3
Throwing       | 3 7 9 |  9.6
Evocations     | 1 7 11 | 11.4

Action                     |  1- 3 |  4- 6 |  7- 9 | 10-12 | 13-15 || total
---------------------------+-------+-------+-------+-------+-------++-------
  Melee: Rapier            |    18 |       |       |   179 |   214 ||   411
         Short sword       |     5 |    23 |    78 |   142 |       ||   248
  Throw: Boomerang         |       |       |       |       |    28 ||    28
 Invoke: Line Pass         |       |       |     3 |    25 |    15 ||    43
    Use: Potion            |     2 |     2 |       |     2 |     9 ||    15
         Scroll            |       |       |       |       |     1 ||     1
   Stab: Invisible         |       |     3 |     8 |       |       ||    11
         Paralysed         |       |     2 |     3 |    16 |     8 ||    29
         Confused          |       |       |     2 |    27 |    14 ||    43
         Sleeping          |       |       |       |     4 |     2 ||     6
         Distracted        |       |       |       |     1 |     1 ||     2
 Armour: Robe              |     1 |       |     1 |       |       ||     2
         Troll leather arm |       |       |     2 |    15 |    11 ||    28
  Dodge: Dodged            |    15 |     6 |    25 |   138 |   121 ||   305
  Block: Buckler           |     3 |     5 |     8 |    53 |    49 ||   118
